Workbook
Name \0: #REF!
Name \00: #REF!
Name \a: #REF!
Name \a: #REF!
Name \a: #REF!
Name \a: #REF!
Name \a: #REF!
Name \a: #REF!
Name \a: #REF!
Name \a: #REF!
Name \a: #REF!
Name \a: #REF!
Name \a: #REF!
Name \a: #REF!
Name \a: #REF!
Name \a: #REF!
Name \a: #REF!
Name \a: #REF!
Name \AA: [1]LIQUIDACION!#REF!
Name \b: [2]STRSUMM0!#REF!
Name \bb: [2]STRSUMM0!#REF!
Name \E: #REF!
Name \EE: #REF!
Name \G: #REF!
Name \k: '[3]7422CW00'!#REF!
Name \l: [4]STRSUMM0!#REF!
Name \M: #REF!
Name \ñ: '[5]7422CW00'!#REF!
Name \P: #REF!
Name \R: #REF!
Name \s: #REF!
Name \s: #REF!
Name \s: #REF!
Name \s: #REF!
Name \s: #REF!
Name \s: #REF!
Name \s: #REF!
Name \s: #REF!
Name \s: #REF!
Name \s: #REF!
Name \s: #REF!
Name \s: #REF!
Name \s: #REF!
Name \s: #REF!
Name \s: #REF!
Name \s: #REF!
Name \V: #REF!
Name \X: '1,1'!ERR
Name \X: '1,2'!ERR
Name \X: '1,3'!ERR
Name \X: '1,4'!ERR
Name \X: '1,5'!ERR
Name \X: '1,6'!ERR
Name \X: '2,1'!ERR
Name \X: '2,2'!ERR
Name \X: '2,3'!ERR
Name \X: '3,01'!ERR
Name \X: '3,2'!ERR
Name \X: '3,3'!ERR
Name \X: '3,4'!ERR

Sheet PRESUPUESTO OFICIAL (Entidad)
B1: Formulario 1 - Propuesta económica - Documento tipo de selección abreviada de menor cuantía - versión 1
B2: Versión: 1 del 21 de agosto de 2025
C5: FORMULARIO 1
C6: PRESUPUESTO OFICIAL
C7: Adicionalmente, cuando el proceso de contratación es estructurado por precios unitarios, la Entidad debe aplicar las notas 1, 2 y 3 del presente formulario y las casillas de "Descripción", "Porcentaje" de la Administración, Imprevisto, Utilidad y total A.I.U. resaltadas en colo amarillo. Tratándose de otras modalidades de precio, la Entidad puede o no configurar los mismos aspectos.
C9: Nº | D9: ITEM DE PAGO | E9: ESPECIFICACIONES | G9: DESCRIPCION | H9: UND. | I9: CANTIDAD | J9: VALOR UNITARIO | K9: VALOR TOTAL
E10: GENERAL | F10: PARTICULAR
C11: CAP 1 | D11: MANTENIMIENTO Y MEJORAMIENTO DE COCINA
C12: 1 | D12: 1.01 | G12: Suministro e instalación de enchape en ceramica para mesones de cocina, incluiye alistamiento para su respectiva instalacion | H12: M2 | I12: 4.47 | J12: =+'1,1'!O68 -> 105250 | K12: =ROUND(J12*I12,0) -> 470468
C13: 2 | D13: 1.02 | G13: Suministro e instalación de enchape para muros de cocina incluye alistamiento | H13: M2 | I13: 37.03 | J13: =+'1,2'!O68 -> 105250 | K13: =ROUND(J13*I13,0) -> 3897408
C14: 3 | D14: 1.03 | G14: Suministro e instalación de cielo raso PVC en cocina | H14: M2 | I14: 31.43 | J14: =+'1,3'!O68 -> 125317 | K14: =ROUND(J14*I14,0) -> 3938713
C15: 4 | D15: 1.04 | G15: Suministro e instalación de luminaria led 24w, incluye derivacion de electricidad | H15: UND | I15: 4 | J15: =+'1,4'!O68 -> 275333 | K15: =ROUND(J15*I15,0) -> 1101332 | O15: 26
C16: 5 | D16: 1.05 | G16: Suministro e instalación de malla antiinsectos en ventanas de cocina | H16: M2 | I16: 9.36 | J16: =+'1,5'!O67 -> 45904 | K16: =ROUND(J16*I16,0) -> 429661
C17: 6 | D17: 1.06 | G17: Suministro y aplicación de pintura tipo esmalte para puertas metalicas. | H17: M2 | I17: 7.98 | J17: =+'1,6'!O68 -> 48604 | K17: =ROUND(J17*I17,0) -> 387860
C18: Subtotal | K18: =+SUM(K12:K17) -> 10225442
C19: CAP.2 | D19: PINTURA DE AULAS
C20: 7 | D20: 2.01 | G20: Suministro y aplicación de pintura de maxima resistencia y durabilidad para exteriores e interiores. | H20: M2 | I20: 1227.99 | J20: =+'2,1'!O67 -> 36728 | K20: =ROUND(J20*I20,0) -> 45101617
C21: 8 | D21: 2.02 | G21: Suministro y aplicación de pintura tipo esmalte para puertas metalicas. | H21: M2 | I21: 46.21 | J21: =+'2,2'!O67 -> 37427 | K21: =ROUND(J21*I21,0) -> 1729502
C22: 9 | D22: 2.03 | G22: Suministro y aplicación de pintura tipo esmalte para ventaneria metalica. | H22: M2 | I22: 124.87 | J22: =+'2,3'!O67 -> 42136 | K22: =ROUND(J22*I22,0) -> 5261522
C23: Subtotal | K23: =+SUM(K20:K22) -> 52092641
C24: CAP.3 | D24: RAMPA DE ACCESO A BAÑOS
C25: 10 | D25: 3.01 | G25: Demolicion de concreto existente en rampas | H25: M2 | I25: 21.98 | J25: =+'3,01'!O67 -> 46916 | K25: =ROUND(J25*I25,0) -> 1031214
C26: 11 | D26: 3.02 | G26: Construccion de muro de contencion de rampas e = 0.15m | H26: M3 | I26: 1.2 | J26: =+'3,2'!O69 -> 929236 | K26: =ROUND(J26*I26,0) -> 1115083
C27: 12 | D27: 3.03 | G27: Suministro e instalación concreto f'c= 3000psi para piso de rampa | H27: M2 | I27: 32.14 | J27: =+'3,3'!O69 -> 151030 | K27: =ROUND(J27*I27,0) -> 4854104
C28: 13 | D28: 3.04 | G28: Acero de refuerzo f'y=60.000psi | H28: kg | I28: 235.07 | J28: =+'3,4'!O69 -> 11739 | K28: =ROUND(J28*I28,0) -> 2759487
C29: 14 | D29: 3.05 | G29: Baranda en tubo 2" | H29: ML | I29: 14.46 | J29: =+'3,5'!O72 -> 250531 | K29: =ROUND(J29*I29,0) -> 3622678
C30: Subtotal | K30: =+SUM(K25:K29) -> 13382566
C31: SUBTOTAL OBRAS | K31: =K18+K23+K30 -> 75700649
G33: VALOR TOTAL | K33: =+K31 -> 75700649
C36: NOTA 1: Se debe tener en cuenta que el PRECIO UNITARIO incluye el valor de A.I.U. | H36: DESCRIPCION | K36: PORCENTAJE
C37: NOTA 2: Cuando la fracción decimal del peso sea igual o superior a 5 se aproximara por exceso al número entero siguiente del peso y cuando la fracción decimal del peso sea inferior a 5 se aproximará por defecto al número entero del peso. | H37: ADMINISTRACION | J37: A= | K37: 0.29
C38: NOTA 3: El A.I.U y su discriminación deben estar en porcentaje (%). | H38: IMPREVISTO | J38: I= | K38: 0.01
H39: UTILIDAD | J39: U= | K39: 0.05
H40: TOTAL A.I.U | J40: A.I.U.= | K40: =SUM(K37:K39) -> 0.35

Sheet PROPUESTA ECONOMICA(Proponente)
B1: Formulario 1 - Propuesta económica - Documento tipo de selección abreviada de menor cuantía - versión 1
B2: Versión: 1 del 21 de agosto de 2025
C5: FORMULARIO 1
C6: PROPUESTA ECONOMICA
C7: Cuando el proceso de contratación es estructurado por precios unitarios, la Entidad debe aplicar las notas 1, 2 y 3 del presente formato y las casillas de "Descripción", "Porcentaje" de la Administración, Imprevisto, Utilidad y total A.I.U. resaltadas en color amarillo.
C9: Nº | D9: ITEM DE PAGO | E9: ESPECIFICACIONES | G9: DESCRIPCION | H9: UND. | I9: CANTIDAD | J9: VALOR UNITARIO | K9: VALOR TOTAL
E10: GENERAL | F10: PARTICULAR
C11: CAP 1 | D11: MANTENIMIENTO Y MEJORAMIENTO DE COCINA
C12: 1 | D12: 1.01 | G12: Suministro e instalación de enchape en ceramica para mesones de cocina, incluiye alistamiento para su respectiva instalacion | H12: M2 | I12: 4.47 | K12: =ROUND(J12*I12,0) -> 0
C13: 2 | D13: 1.02 | G13: Suministro e instalación de enchape para muros de cocina incluye alistamiento | H13: M2 | I13: 37.03 | K13: =ROUND(J13*I13,0) -> 0
C14: 3 | D14: 1.03 | G14: Suministro e instalación de cielo raso PVC en cocina | H14: M2 | I14: 31.43 | K14: =ROUND(J14*I14,0) -> 0
C15: 4 | D15: 1.04 | G15: Suministro e instalación de luminaria led 24w, incluye derivacion de electricidad | H15: UND | I15: 4 | K15: =ROUND(J15*I15,0) -> 0
C16: 5 | D16: 1.05 | G16: Suministro e instalación de malla antiinsectos en ventanas de cocina | H16: M2 | I16: 9.36 | K16: =ROUND(J16*I16,0) -> 0
C17: 6 | D17: 1.06 | G17: Suministro y aplicación de pintura tipo esmalte para puertas metalicas. | H17: M2 | I17: 7.98 | K17: =ROUND(J17*I17,0) -> 0
C18: Subtotal | K18: =+SUM(K12:K17) -> 0
C19: CAP.2 | D19: PINTURA DE AULAS
C20: 7 | D20: 2.01 | G20: Suministro y aplicación de pintura de maxima resistencia y durabilidad para exteriores e interiores. | H20: M2 | I20: 1227.99 | K20: =ROUND(J20*I20,0) -> 0
C21: 8 | D21: 2.02 | G21: Suministro y aplicación de pintura tipo esmalte para puertas metalicas. | H21: M2 | I21: 46.21 | K21: =ROUND(J21*I21,0) -> 0
C22: 9 | D22: 2.03 | G22: Suministro y aplicación de pintura tipo esmalte para ventaneria metalica. | H22: M2 | I22: 124.87 | K22: =ROUND(J22*I22,0) -> 0
C23: Subtotal | K23: =+SUM(K20:K22) -> 0
C24: CAP.3 | D24: RAMPA DE ACCESO A BAÑOS
C25: 10 | D25: 3.01 | G25: Demolicion de concreto existente en rampas | H25: M2 | I25: 21.98 | K25: =ROUND(J25*I25,0) -> 0
C26: 11 | D26: 3.02 | G26: Construccion de muro de contencion de rampas e = 0.15m | H26: M3 | I26: 1.2 | K26: =ROUND(J26*I26,0) -> 0
C27: 12 | D27: 3.03 | G27: Suministro e instalación concreto f'c= 3000psi para piso de rampa | H27: M2 | I27: 32.14 | K27: =ROUND(J27*I27,0) -> 0
C28: 13 | D28: 3.04 | G28: Acero de refuerzo f'y=60.000psi | H28: kg | I28: 235.07 | K28: =ROUND(J28*I28,0) -> 0
C29: 14 | D29: 3.05 | G29: Baranda en tubo 2" | H29: ML | I29: 14.46 | K29: =ROUND(J29*I29,0) -> 0
C30: Subtotal | K30: =+SUM(K25:K29) -> 0
C31: SUBTOTAL OBRAS | K31: =K18+K23+K30 -> 0
G33: VALOR TOTAL | K33: =K31 -> 0
C36: NOTA 1: Se debe tener en cuenta que el PRECIO UNITARIO incluye el valor de A.I.U. | H36: DESCRIPCION | K36: PORCENTAJE
C37: NOTA 2: Cuando la fracción decimal del peso sea igual o superior a 5 se aproximara por exceso al número entero siguiente del peso y cuando la fracción decimal del peso sea inferior a 5 se aproximará por defecto al número entero del peso. | H37: ADMINISTRACION | J37: A= | K37: [Ofrecimiento del Proponente]
C38: NOTA 3: El A.I.U y su discriminación deben estar en porcentaje (%). | H38: IMPREVISTO | J38: I= | K38: [Ofrecimiento del Proponente]
H39: UTILIDAD | J39: U= | K39: [Ofrecimiento del Proponente]
H40: TOTAL A.I.U | J40: A.I.U.= | K40: [Ofrecimiento del Proponente]
G43: Firma del Proponente o de su Representante Legal

Sheet 1,1
B1: Formulario 1 - Propuesta económica - Documento tipo de selección abreviada de menor cuantía
B2: Versión: 1 del 21 de agosto de 2025
C5: [La entidad podrá utilizar este formato para la presentación de los análisis de precios unitarios el contratista en la oportunidad prevista en el numeral 8.2. del Documento Base]
D8: MUNICIPIO DE GUAPOTA
L9: VERSIÓN
L11: PÁGINA | M11: 1 | N11: DE | O11: 1
D13: ANALISIS DE PRECIOS UNITARIOS
L15: FECHA | M15: DD | N15: MM | O15: AA
C17: ITEMS DE LA PROPUESTA ECONÓMICA
C21: DATOS ESPECÍFICOS
C23: ITEM | D23: DESCRIPCIÓN | M23: UNIDAD | O23: CANTIDAD
C24: =+'PRESUPUESTO OFICIAL (Entidad)'!D12 -> 1.01 | D24: Suministro e instalación de enchape en ceramica para mesones de cocina, incluiye alistamiento para su respectiva instalacion | M24: =+'PRESUPUESTO OFICIAL (Entidad)'!H12 -> M2 | O24: =+'PRESUPUESTO OFICIAL (Entidad)'!I12 -> 4.47
C25: I. EQUIPO
C28: DESCRIPCIÓN | H28: MARCA | J28: TIPO | L28: TARIFA/HORA | M28: RENDIMIENTO | O28: Vr. UNITARIO
C29: HERRAMIENTA MENOr | M29: 0.1 | O29: =+M29*O56 -> 3398.03
C30: PULIDORA SIN DISCO 7" | L30: 70000 | M30: 11 | O30: =+L30/M30 -> 6363.6364
C32: SUBTOTAL $ | O32: =+SUM(O29:O30) -> 9761.6664
C33: II. MATERIALES
C36: DESCRIPCIÓN | K36: UNIDAD | L36: CANTIDAD | M36: PRECIO UNIT. | O36: Vr. UNITARIO
C37: ENCHAPE PARED | K37: M2 | L37: =1*1.05 -> 1.05 | M37: 29879 | O37: =+L37*M37 -> 31372.95
C38: PEGACOR | K38: KG | L38: 3 | M38: 815 | O38: =+L38*M38 -> 2445
C39: CEMENTO BLANCO | K39: KG | L39: 0.315 | M39: 1280 | O39: =+L39*M39 -> 403.2
C40: SUBTOTAL $ | O40: =SUM(O37:O39) -> 34221.15
C41: III. TRANSPORTES
C44: MATERIAL | J44: VOL. o PESO | K44: DISTANCIA | L44: M3 o Ton/Km | M44: TARIFA | O44: Vr. UNITARIO
C47: SUBTOTAL $
C48: IV. MANO DE OBRA
C51: TRABAJADOR | J51: JORNAL | K51: PRESTACIONES | L51: JORNAL TOTAL | M51: RENDIMIENTO | O51: Vr. UNITARIO
C52: Oficial Albañileria | J52: 104603 | K52: 83683 | L52: 188286 | M52: 10 | O52: =+L52/M52 -> 18828.6
C53: Ayudante Albañileria | J53: 84176 | K53: 67341 | L53: 151517 | M53: 10 | O53: =+L53/M53 -> 15151.7
C56: SUBTOTAL $ | O56: =+SUM(O52:O55) -> 33980.3
C58: TOTAL COSTO DIRECTO $ | O58: =+O56+O40+O32 -> 77963.116
C59: V. COSTOS INDIRECTOS
C62: Descripción | L62: Porcentaje | M62: Valor Total
C63: ADMINISTRACION | L63: 0.29 | O63: =+$O$58*L63 -> 22609.304
C64: IMPREVISTOS | L64: 0.01 | O64: =+$O$58*L64 -> 779.63116
C65: UTILIDAD | L65: 0.05 | O65: =+$O$58*L65 -> 3898.1558
C66: SUBTOTAL $ | O66: =SUM(O63:O65) -> 27287.091
C68: Precio Unitario Total Aproximado al peso $ | O68: =ROUND(O58+O66,0) -> 105250
H72: Firma
H73: Nombre:
H74: Representante Legal del Contratista o su Apoderado
H75: Matricula No. :
C77: OBSERVACIONES INTERVENTORÍA
C81: APROBACIÓN POR INTERVENTORÍA
C82: Nota 1: Cuando se trate de Análisis de precios unitarios correspondientes a ítems de la propuesta económica aprobada, el Interventor aprueba el desglose de los componentes manteniendo el mismo precio unitario de cada ítem, cumpliendo con las especificaciones de construcción vigentes para el proyecto.
C84: Nota 2: Cuando se trate de Análisis de precios unitarios de ítems no previstos, el Interventor aprueba el desglose y precio unitario de cada ítem no previsto, exigiendo la aplicación de los costos correspondientes a insumos y tarifas de la propuesta económica inicial cuando estén contemplados, cumpliendo con las especificaciones de construcción vigente para el proyecto.
H87: Firma
H88: Nombre:
H89: Representante Legal del Interventor o su Apoderado
H90: Matricula No. :

Sheet 1,2
B1: Formulario 1 - Propuesta económica - Documento tipo de selección abreviada de menor cuantía
B2: Versión: 1 del 21 de agosto de 2025
C5: [La entidad podrá utilizar este formato para la presentación de los análisis de precios unitarios el contratista en la oportunidad prevista en el numeral 8.2. del Documento Base]
D8: MUNICIPIO DE GUAPOTA
L9: VERSIÓN
L11: PÁGINA | M11: 1 | N11: DE | O11: 1
D13: ANALISIS DE PRECIOS UNITARIOS
L15: FECHA | M15: DD | N15: MM | O15: AA
C17: ITEMS DE LA PROPUESTA ECONÓMICA
C21: DATOS ESPECÍFICOS
C23: ITEM | D23: DESCRIPCIÓN | M23: UNIDAD | O23: CANTIDAD
C24: =+'PRESUPUESTO OFICIAL (Entidad)'!D13 -> 1.02 | D24: =+'PRESUPUESTO OFICIAL (Entidad)'!G13 -> Suministro e instalación de enchape para muros de cocina incluye alistamiento | M24: =+'PRESUPUESTO OFICIAL (Entidad)'!H13 -> M2 | O24: =+'PRESUPUESTO OFICIAL (Entidad)'!I13 -> 37.03
C25: I. EQUIPO
C28: DESCRIPCIÓN | H28: MARCA | J28: TIPO | L28: TARIFA/HORA | M28: RENDIMIENTO | O28: Vr. UNITARIO
C29: HERRAMIENTA MENOr | M29: 0.1 | O29: =+M29*O56 -> 3398.03
C30: PULIDORA SIN DISCO 7" | L30: 70000 | M30: 11 | O30: =+L30/M30 -> 6363.6364
C32: SUBTOTAL $ | O32: =+SUM(O29:O30) -> 9761.6664
C33: II. MATERIALES
C36: DESCRIPCIÓN | K36: UNIDAD | L36: CANTIDAD | M36: PRECIO UNIT. | O36: Vr. UNITARIO
C37: ENCHAPE PARED - PISO | K37: M2 | L37: =1*1.05 -> 1.05 | M37: 29879 | O37: =+L37*M37 -> 31372.95
C38: PEGACOR | K38: KG | L38: 3 | M38: 815 | O38: =+L38*M38 -> 2445
C39: CEMENTO BLANCO | K39: KG | L39: 0.315 | M39: 1280 | O39: =+L39*M39 -> 403.2
C40: SUBTOTAL $ | O40: =SUM(O37:O39) -> 34221.15
C41: III. TRANSPORTES
C44: MATERIAL | J44: VOL. o PESO | K44: DISTANCIA | L44: M3 o Ton/Km | M44: TARIFA | O44: Vr. UNITARIO
C47: SUBTOTAL $
C48: IV. MANO DE OBRA
C51: TRABAJADOR | J51: JORNAL | K51: PRESTACIONES | L51: JORNAL TOTAL | M51: RENDIMIENTO | O51: Vr. UNITARIO
C52: Oficial Albañileria | J52: 104603 | K52: 83683 | L52: 188286 | M52: 10 | O52: =+L52/M52 -> 18828.6
C53: Ayudante Albañileria | J53: 84176 | K53: 67341 | L53: 151517 | M53: 10 | O53: =+L53/M53 -> 15151.7
C56: SUBTOTAL $ | O56: =+SUM(O52:O55) -> 33980.3
C58: TOTAL COSTO DIRECTO $ | O58: =+O56+O40+O32 -> 77963.116
C59: V. COSTOS INDIRECTOS
C62: Descripción | L62: Porcentaje | M62: Valor Total
C63: ADMINISTRACION | L63: 0.29 | O63: =+$O$58*L63 -> 22609.304
C64: IMPREVISTOS | L64: 0.01 | O64: =+$O$58*L64 -> 779.63116
C65: UTILIDAD | L65: 0.05 | O65: =+$O$58*L65 -> 3898.1558
C66: SUBTOTAL $ | O66: =SUM(O63:O65) -> 27287.091
C68: Precio Unitario Total Aproximado al peso $ | O68: =ROUND(O58+O66,0) -> 105250
H72: Firma
H73: Nombre:
H74: Representante Legal del Contratista o su Apoderado
H75: Matricula No. :
C77: OBSERVACIONES INTERVENTORÍA
C81: APROBACIÓN POR INTERVENTORÍA
C82: Nota 1: Cuando se trate de Análisis de precios unitarios correspondientes a ítems de la propuesta económica aprobada, el Interventor aprueba el desglose de los componentes manteniendo el mismo precio unitario de cada ítem, cumpliendo con las especificaciones de construcción vigentes para el proyecto.
C84: Nota 2: Cuando se trate de Análisis de precios unitarios de ítems no previstos, el Interventor aprueba el desglose y precio unitario de cada ítem no previsto, exigiendo la aplicación de los costos correspondientes a insumos y tarifas de la propuesta económica inicial cuando estén contemplados, cumpliendo con las especificaciones de construcción vigente para el proyecto.
H87: Firma
H88: Nombre:
H89: Representante Legal del Interventor o su Apoderado
H90: Matricula No. :

Sheet 1,3
B1: Formulario 1 - Propuesta económica - Documento tipo de selección abreviada de menor cuantía
B2: Versión: 1 del 21 de agosto de 2025
C5: [La entidad podrá utilizar este formato para la presentación de los análisis de precios unitarios el contratista en la oportunidad prevista en el numeral 8.2. del Documento Base]
D8: MUNICIPIO DE GUAPOTA
L9: VERSIÓN
L11: PÁGINA | M11: 1 | N11: DE | O11: 1
D13: ANALISIS DE PRECIOS UNITARIOS
L15: FECHA | M15: DD | N15: MM | O15: AA
C17: ITEMS DE LA PROPUESTA ECONÓMICA
C21: DATOS ESPECÍFICOS
C23: ITEM | D23: DESCRIPCIÓN | M23: UNIDAD | O23: CANTIDAD
C24: =+'PRESUPUESTO OFICIAL (Entidad)'!D14 -> 1.03 | D24: =+'PRESUPUESTO OFICIAL (Entidad)'!G14 -> Suministro e instalación de cielo raso PVC en cocina | M24: =+'PRESUPUESTO OFICIAL (Entidad)'!H14 -> M2 | O24: =+'PRESUPUESTO OFICIAL (Entidad)'!I14 -> 31.43
C25: I. EQUIPO
C28: DESCRIPCIÓN | H28: MARCA | J28: TIPO | L28: TARIFA/HORA | M28: RENDIMIENTO | O28: Vr. UNITARIO
C29: HERRAMIENTA MENOr | M29: 0.1 | O29: =+M29*O56 -> 2890.1176
C30: SECCION DE ANDAMIOS (2 marcos y crucetas) | L30: 20000 | M30: 20 | O30: =+L30/M30 -> 1000
C32: SUBTOTAL $ | O32: =+SUM(O29:O30) -> 3890.1176
C33: II. MATERIALES
C36: DESCRIPCIÓN | K36: UNIDAD | L36: CANTIDAD | M36: PRECIO UNIT. | O36: Vr. UNITARIO
C37: CIELO RASO PVC | K37: M2 | L37: 1 | M37: 52890 | O37: =+M37*L37 -> 52890
C38: PERFIL ALUMNIO | K38: ML | L38: 2 | M38: 3573 | O38: =+M38*L38 -> 7146
C40: SUBTOTAL $ | O40: =SUM(O37:O39) -> 60036
C41: III. TRANSPORTES
C44: MATERIAL | J44: VOL. o PESO | K44: DISTANCIA | L44: M3 o Ton/Km | M44: TARIFA | O44: Vr. UNITARIO
C47: SUBTOTAL $
C48: IV. MANO DE OBRA
C51: TRABAJADOR | J51: JORNAL | K51: PRESTACIONES | L51: JORNAL TOTAL | M51: RENDIMIENTO | O51: Vr. UNITARIO
C52: Oficial Albañileria | I52: 1 | J52: 104603 | K52: 83683 | L52: 188286 | M52: 17 | O52: =+L52/M52 -> 11075.647
C53: Ayudante Albañileria | I53: 2 | J53: 84176 | K53: 67341 | L53: 151517 | M53: 17 | O53: =+(L53*I53)/M53 -> 17825.529
C56: SUBTOTAL $ | O56: =SUM(O52:O55) -> 28901.176
C58: TOTAL COSTO DIRECTO $ | O58: =+O56+O40+O32 -> 92827.294
C59: V. COSTOS INDIRECTOS
C62: Descripción | L62: Porcentaje | M62: Valor Total
C63: ADMINISTRACION | L63: 0.29 | O63: =+$O$58*L63 -> 26919.915
C64: IMPREVISTOS | L64: 0.01 | O64: =+$O$58*L64 -> 928.27294
C65: UTILIDAD | L65: 0.05 | O65: =+$O$58*L65 -> 4641.3647
C66: SUBTOTAL $ | O66: =SUM(O63:O65) -> 32489.553
C68: Precio Unitario Total Aproximado al peso $ | O68: =ROUND(O58+O66,0) -> 125317
H72: Firma
H73: Nombre:
H74: Representante Legal del Contratista o su Apoderado
H75: Matricula No. :
C77: OBSERVACIONES INTERVENTORÍA
C81: APROBACIÓN POR INTERVENTORÍA
C82: Nota 1: Cuando se trate de Análisis de precios unitarios correspondientes a ítems de la propuesta económica aprobada, el Interventor aprueba el desglose de los componentes manteniendo el mismo precio unitario de cada ítem, cumpliendo con las especificaciones de construcción vigentes para el proyecto.
C84: Nota 2: Cuando se trate de Análisis de precios unitarios de ítems no previstos, el Interventor aprueba el desglose y precio unitario de cada ítem no previsto, exigiendo la aplicación de los costos correspondientes a insumos y tarifas de la propuesta económica inicial cuando estén contemplados, cumpliendo con las especificaciones de construcción vigente para el proyecto.
H87: Firma
H88: Nombre:
H89: Representante Legal del Interventor o su Apoderado
H90: Matricula No. :

Sheet 1,4
B1: Formulario 1 - Propuesta económica - Documento tipo de selección abreviada de menor cuantía
B2: Versión: 1 del 21 de agosto de 2025
C5: [La entidad podrá utilizar este formato para la presentación de los análisis de precios unitarios el contratista en la oportunidad prevista en el numeral 8.2. del Documento Base]
D8: MUNICIPIO DE GUAPOTA
L9: VERSIÓN
L11: PÁGINA | M11: 1 | N11: DE | O11: 1
D13: ANALISIS DE PRECIOS UNITARIOS
L15: FECHA | M15: DD | N15: MM | O15: AA
C17: ITEMS DE LA PROPUESTA ECONÓMICA
C21: DATOS ESPECÍFICOS
C23: ITEM | D23: DESCRIPCIÓN | M23: UNIDAD | O23: CANTIDAD
C24: =+'PRESUPUESTO OFICIAL (Entidad)'!D15 -> 1.04 | D24: =+'PRESUPUESTO OFICIAL (Entidad)'!G15 -> Suministro e instalación de luminaria led 24w, incluye derivacion de electricidad | M24: =+'PRESUPUESTO OFICIAL (Entidad)'!H15 -> UND | O24: =+'PRESUPUESTO OFICIAL (Entidad)'!I15 -> 4
C25: I. EQUIPO
C28: DESCRIPCIÓN | H28: MARCA | J28: TIPO | L28: TARIFA/HORA | M28: RENDIMIENTO | O28: Vr. UNITARIO
C29: HERRAMIENTA MENOr | M29: 0.1 | O29: =+M29*O56 -> 3775.5889
C30: SECCION DE ANDAMIOS (2 marcos y crucetas) | L30: 20000 | M30: 8 | O30: =+L30/M30 -> 2500
C32: SUBTOTAL $ | O32: =+SUM(O29:O30) -> 6275.5889
C33: II. MATERIALES
C36: DESCRIPCIÓN | K36: UNIDAD | L36: CANTIDAD | M36: PRECIO UNIT. | O36: Vr. UNITARIO
C37: PANEL LED SOBREPONER 24W | K37: M2 | L37: 1 | M37: 40000 | O37: =+M37*L37 -> 40000
C38: ALAMBRE DE COBRE #12 THHN | K38: ML | L38: 25 | M38: 2852 | O38: =+M38*L38 -> 71300
C39: TUBO EMT 1/2"X3M | K39: UNIDAD | L39: 3 | M39: 16206.411 | O39: =+M39*L39 -> 48619.233 | S39: =+'PRESUPUESTO OFICIAL (Entidad)'!K33 -> 75700649 | U39: 75700649
C40: SUBTOTAL $ | O40: =SUM(O37:O39) -> 159919.23
C41: III. TRANSPORTES
U43: =+U39-S39 -> 0
C44: MATERIAL | J44: VOL. o PESO | K44: DISTANCIA | L44: M3 o Ton/Km | M44: TARIFA | O44: Vr. UNITARIO
C47: SUBTOTAL $
C48: IV. MANO DE OBRA
C51: TRABAJADOR | J51: JORNAL | K51: PRESTACIONES | L51: JORNAL TOTAL | M51: RENDIMIENTO | O51: Vr. UNITARIO
C52: Oficial Albañileria | J52: 104603 | K52: 83683 | L52: 188286 | M52: 9 | O52: =+L52/M52 -> 20920.667
C53: Ayudante Albañileria | J53: 84176 | K53: 67341 | L53: 151517 | M53: 9 | O53: =+L53/M53 -> 16835.222
C56: SUBTOTAL $ | O56: =SUM(O52:O55) -> 37755.889
C58: TOTAL COSTO DIRECTO $ | O58: =+O56+O40+O32 -> 203950.71
C59: V. COSTOS INDIRECTOS
C62: Descripción | L62: Porcentaje | M62: Valor Total
C63: ADMINISTRACION | L63: 0.29 | O63: =+$O$58*L63 -> 59145.706
C64: IMPREVISTOS | L64: 0.01 | O64: =+$O$58*L64 -> 2039.5071
C65: UTILIDAD | L65: 0.05 | O65: =+$O$58*L65 -> 10197.536
C66: SUBTOTAL $ | O66: =SUM(O63:O65) -> 71382.749
C68: Precio Unitario Total Aproximado al peso $ | O68: =ROUND(O58+O66,0) -> 275333 | U68: 275333
H72: Firma
H73: Nombre:
H74: Representante Legal del Contratista o su Apoderado
H75: Matricula No. :
C77: OBSERVACIONES INTERVENTORÍA
C81: APROBACIÓN POR INTERVENTORÍA
C82: Nota 1: Cuando se trate de Análisis de precios unitarios correspondientes a ítems de la propuesta económica aprobada, el Interventor aprueba el desglose de los componentes manteniendo el mismo precio unitario de cada ítem, cumpliendo con las especificaciones de construcción vigentes para el proyecto.
C84: Nota 2: Cuando se trate de Análisis de precios unitarios de ítems no previstos, el Interventor aprueba el desglose y precio unitario de cada ítem no previsto, exigiendo la aplicación de los costos correspondientes a insumos y tarifas de la propuesta económica inicial cuando estén contemplados, cumpliendo con las especificaciones de construcción vigente para el proyecto.
H87: Firma
H88: Nombre:
H89: Representante Legal del Interventor o su Apoderado
H90: Matricula No. :

Sheet 1,5
B1: Formulario 1 - Propuesta económica - Documento tipo de selección abreviada de menor cuantía
B2: Versión: 1 del 21 de agosto de 2025
C5: [La entidad podrá utilizar este formato para la presentación de los análisis de precios unitarios el contratista en la oportunidad prevista en el numeral 8.2. del Documento Base]
D8: MUNICIPIO DE GUAPOTA
L9: VERSIÓN
L11: PÁGINA | M11: 1 | N11: DE | O11: 1
D13: ANALISIS DE PRECIOS UNITARIOS
L15: FECHA | M15: DD | N15: MM | O15: AA
C17: ITEMS DE LA PROPUESTA ECONÓMICA
C21: DATOS ESPECÍFICOS
C23: ITEM | D23: DESCRIPCIÓN | M23: UNIDAD | O23: CANTIDAD
C24: =+'PRESUPUESTO OFICIAL (Entidad)'!D16 -> 1.05 | D24: =+'PRESUPUESTO OFICIAL (Entidad)'!G16 -> Suministro e instalación de malla antiinsectos en ventanas de cocina | M24: =+'PRESUPUESTO OFICIAL (Entidad)'!H16 -> M2 | O24: =+'PRESUPUESTO OFICIAL (Entidad)'!I16 -> 9.36
C25: I. EQUIPO
C28: DESCRIPCIÓN | H28: MARCA | J28: TIPO | L28: TARIFA/HORA | M28: RENDIMIENTO | O28: Vr. UNITARIO
C29: HERRAMIENTA MENOR | M29: 0.1 | O29: =+M29*O55 -> 871.28974
C32: SUBTOTAL $ | O32: =+SUM(O29:O30) -> 871.28974
C33: II. MATERIALES
C36: DESCRIPCIÓN | K36: UNIDAD | L36: CANTIDAD | M36: PRECIO UNIT. | O36: Vr. UNITARIO
C37: MALLA INSECTOS HUECOS 9X10MM 1,50X2MM BLANCO, INCLUYE AMARRES | K37: M2 | L37: 1 | M37: 13700 | O37: =+M37*L37 -> 13700
C38: PERFIL DE ALUMINIO | K38: ML | L38: 3 | M38: 3573 | O38: =+M38*L38 -> 10719
C40: SUBTOTAL $ | O40: =SUM(O37:O39) -> 24419
C41: III. TRANSPORTES
C44: MATERIAL | J44: VOL. o PESO | K44: DISTANCIA | L44: M3 o Ton/Km | M44: TARIFA | O44: Vr. UNITARIO
C47: SUBTOTAL $
C48: IV. MANO DE OBRA
C51: TRABAJADOR | J51: JORNAL | K51: PRESTACIONES | L51: JORNAL TOTAL | M51: RENDIMIENTO | O51: Vr. UNITARIO
C52: Oficial Albañileria | J52: 104603 | K52: 83683 | L52: 188286 | M52: 39 | O52: =+L52/M52 -> 4827.8462
C53: Ayudante Albañileria | J53: 84176 | K53: 67341 | L53: 151517 | M53: 39 | O53: =+L53/M53 -> 3885.0513
C55: SUBTOTAL $ | O55: =SUM(O52:O54) -> 8712.8974
C57: TOTAL COSTO DIRECTO $ | O57: =+O55+O40+O32 -> 34003.187
C58: V. COSTOS INDIRECTOS
C61: Descripción | L61: Porcentaje | M61: Valor Total
C62: ADMINISTRACION | L62: 0.29 | O62: =+$O$57*L62 -> 9860.9243
C63: IMPREVISTOS | L63: 0.01 | O63: =+$O$57*L63 -> 340.03187
C64: UTILIDAD | L64: 0.05 | O64: =+$O$57*L64 -> 1700.1594
C65: SUBTOTAL $ | O65: =SUM(O62:O64) -> 11901.116
C67: Precio Unitario Total Aproximado al peso $ | O67: =ROUND(O57+O65,0) -> 45904
H71: Firma
H72: Nombre:
H73: Representante Legal del Contratista o su Apoderado
H74: Matricula No. :
C76: OBSERVACIONES INTERVENTORÍA
C80: APROBACIÓN POR INTERVENTORÍA
C81: Nota 1: Cuando se trate de Análisis de precios unitarios correspondientes a ítems de la propuesta económica aprobada, el Interventor aprueba el desglose de los componentes manteniendo el mismo precio unitario de cada ítem, cumpliendo con las especificaciones de construcción vigentes para el proyecto.
C83: Nota 2: Cuando se trate de Análisis de precios unitarios de ítems no previstos, el Interventor aprueba el desglose y precio unitario de cada ítem no previsto, exigiendo la aplicación de los costos correspondientes a insumos y tarifas de la propuesta económica inicial cuando estén contemplados, cumpliendo con las especificaciones de construcción vigente para el proyecto.
H86: Firma
H87: Nombre:
H88: Representante Legal del Interventor o su Apoderado
H89: Matricula No. :

Sheet 1,6
B1: Formulario 1 - Propuesta económica - Documento tipo de selección abreviada de menor cuantía
B2: Versión: 1 del 21 de agosto de 2025
C5: [La entidad podrá utilizar este formato para la presentación de los análisis de precios unitarios el contratista en la oportunidad prevista en el numeral 8.2. del Documento Base]
D8: MUNICIPIO DE GUAPOTA
L9: VERSIÓN
L11: PÁGINA | M11: 1 | N11: DE | O11: 1
D13: ANALISIS DE PRECIOS UNITARIOS
L15: FECHA | M15: DD | N15: MM | O15: AA
C17: ITEMS DE LA PROPUESTA ECONÓMICA
C21: DATOS ESPECÍFICOS
C23: ITEM | D23: DESCRIPCIÓN | M23: UNIDAD | O23: CANTIDAD
C24: =+'PRESUPUESTO OFICIAL (Entidad)'!D17 -> 1.06 | D24: =+'PRESUPUESTO OFICIAL (Entidad)'!G17 -> Suministro y aplicación de pintura tipo esmalte para puertas metalicas. | M24: =+'PRESUPUESTO OFICIAL (Entidad)'!H17 -> M2 | O24: =+'PRESUPUESTO OFICIAL (Entidad)'!I17 -> 7.98
C25: I. EQUIPO
C28: DESCRIPCIÓN | H28: MARCA | J28: TIPO | L28: TARIFA/HORA | M28: RENDIMIENTO | O28: Vr. UNITARIO
C29: HERRAMIENTA MENOR | M29: 0.1 | O29: =+M29*O56 -> 1998.8412
C30: SECCION DE ANDAMIOS (2 marcos y crucetas) | L30: 20000 | M30: 20 | O30: =+L30/M30 -> 1000
C32: SUBTOTAL $ | O32: =+SUM(O29:O29) -> 1998.8412
C33: II. MATERIALES
C36: DESCRIPCIÓN | K36: UNIDAD | L36: CANTIDAD | M36: PRECIO UNIT. | O36: Vr. UNITARIO
C37: ANTICORROSIVO PARA METAL | K37: Gal | L37: 0.02 | M37: 85900 | O37: =+M37*L37 -> 1718
C38: ESMALTE BRILLANTE TIPO PINTULUX DE PINTUCO O SIMILAR | K38: Gal | L38: 0.02 | M38: 101000 | O38: =+M38*L38 -> 2020
C39: LIJA PLIEGO No.120 de 9"x11" (230x280mm) | K39: Und | L39: 0.6 | M39: 15900 | O39: =+M39*L39 -> 9540
C40: THINNER | K40: Gal | L40: 0.02 | M40: 36900 | O40: =+M40*L40 -> 738
C41: SUBTOTAL $ | O41: =SUM(O37:O40) -> 14016
C42: III. TRANSPORTES
C45: MATERIAL | J45: VOL. o PESO | K45: DISTANCIA | L45: M3 o Ton/Km | M45: TARIFA | O45: Vr. UNITARIO
C48: SUBTOTAL $
C49: IV. MANO DE OBRA
C52: TRABAJADOR | J52: JORNAL | K52: PRESTACIONES | L52: JORNAL TOTAL | M52: RENDIMIENTO | O52: Vr. UNITARIO
C53: Oficial Albañileria | J53: 104603 | K53: 83683 | L53: 188286 | M53: 17 | O53: =+L53/M53 -> 11075.647
C54: Ayudante Albañileria | J54: 84176 | K54: 67341 | L54: 151517 | M54: 17 | O54: =+L54/M54 -> 8912.7647
M55: +
C56: SUBTOTAL $ | O56: =SUM(O53:O55) -> 19988.412
C58: TOTAL COSTO DIRECTO $ | O58: =+O56+O41+O32 -> 36003.253
C59: V. COSTOS INDIRECTOS
C62: Descripción | L62: Porcentaje | M62: Valor Total
C63: ADMINISTRACION | L63: 0.29 | O63: =+$O$58*L63 -> 10440.943
C64: IMPREVISTOS | L64: 0.01 | O64: =+$O$58*L64 -> 360.03253
C65: UTILIDAD | L65: 0.05 | O65: =+$O$58*L65 -> 1800.1626
C66: SUBTOTAL $ | O66: =SUM(O63:O65) -> 12601.139
C68: Precio Unitario Total Aproximado al peso $ | O68: =ROUND(O58+O66,0) -> 48604
H72: Firma
H73: Nombre:
H74: Representante Legal del Contratista o su Apoderado
H75: Matricula No. :
C77: OBSERVACIONES INTERVENTORÍA
C81: APROBACIÓN POR INTERVENTORÍA
C82: Nota 1: Cuando se trate de Análisis de precios unitarios correspondientes a ítems de la propuesta económica aprobada, el Interventor aprueba el desglose de los componentes manteniendo el mismo precio unitario de cada ítem, cumpliendo con las especificaciones de construcción vigentes para el proyecto.
C84: Nota 2: Cuando se trate de Análisis de precios unitarios de ítems no previstos, el Interventor aprueba el desglose y precio unitario de cada ítem no previsto, exigiendo la aplicación de los costos correspondientes a insumos y tarifas de la propuesta económica inicial cuando estén contemplados, cumpliendo con las especificaciones de construcción vigente para el proyecto.
H87: Firma
H88: Nombre:
H89: Representante Legal del Interventor o su Apoderado
H90: Matricula No. :

Sheet 2,1
B1: Formulario 1 - Propuesta económica - Documento tipo de selección abreviada de menor cuantía
B2: Versión: 1 del 21 de agosto de 2025
C5: [La entidad podrá utilizar este formato para la presentación de los análisis de precios unitarios el contratista en la oportunidad prevista en el numeral 8.2. del Documento Base]
D8: MUNICIPIO DE GUAPOTA
L9: VERSIÓN
L11: PÁGINA | M11: 1 | N11: DE | O11: 1
D13: ANALISIS DE PRECIOS UNITARIOS
L15: FECHA | M15: DD | N15: MM | O15: AA
C17: ITEMS DE LA PROPUESTA ECONÓMICA
C21: DATOS ESPECÍFICOS
C23: ITEM | D23: DESCRIPCIÓN | M23: UNIDAD | O23: CANTIDAD
C24: =+'PRESUPUESTO OFICIAL (Entidad)'!D20 -> 2.01 | D24: =+'PRESUPUESTO OFICIAL (Entidad)'!G20 -> Suministro y aplicación de pintura de maxima resistencia y durabilidad para exteriores e interiores. | M24: =+'PRESUPUESTO OFICIAL (Entidad)'!H20 -> M2 | O24: =+'PRESUPUESTO OFICIAL (Entidad)'!I20 -> 1227.99
C25: I. EQUIPO
C28: DESCRIPCIÓN | H28: MARCA | J28: TIPO | L28: TARIFA/HORA | M28: RENDIMIENTO | O28: Vr. UNITARIO
C29: HERRAMIENTA MENOR | M29: 0.1 | O29: =+M29*O55 -> 641.13774
C30: SECCION DE ANDAMIOS (2 marcos y crucetas) | L30: 20000 | M30: 30 | O30: =+L30/M30 -> 666.66667
C32: SUBTOTAL $ | O32: =+SUM(O29:O30) -> 1307.8044
C33: II. MATERIALES
C36: DESCRIPCIÓN | K36: UNIDAD | L36: CANTIDAD | M36: PRECIO UNIT. | O36: Vr. UNITARIO
C37: PINTURA KORAZA | K37: GL | L37: 0.13 | M37: 149900 | O37: =+L37*M37 -> 19487
C41: SUBTOTAL $ | O41: =SUM(O37:O40) -> 19487
C42: III. TRANSPORTES
C45: MATERIAL | J45: VOL. o PESO | K45: DISTANCIA | L45: M3 o Ton/Km | M45: TARIFA | O45: Vr. UNITARIO
C48: SUBTOTAL $
C49: IV. MANO DE OBRA
C52: TRABAJADOR | J52: JORNAL | K52: PRESTACIONES | L52: JORNAL TOTAL | M52: RENDIMIENTO | O52: Vr. UNITARIO
C53: Oficial Albañileria | J53: 104603 | K53: 83683 | L53: 188286 | M53: 53 | O53: =+L53/M53 -> 3552.566
C54: Ayudante Albañileria | J54: 84176 | K54: 67341 | L54: 151517 | M54: =+M53 -> 53 | O54: =+L54/M54 -> 2858.8113
C55: SUBTOTAL $ | O55: =SUM(O53:O54) -> 6411.3774 | T55: =+'PRESUPUESTO OFICIAL (Entidad)'!K33 -> 75700649 | V55: 75700649
C57: TOTAL COSTO DIRECTO $ | O57: =+O55+O41+O32 -> 27206.182 | U57: =+T55-V55 -> 0
C58: V. COSTOS INDIRECTOS
C61: Descripción | L61: Porcentaje | M61: Valor Total
C62: ADMINISTRACION | L62: 0.29 | O62: =+$O$57*L62 -> 7889.7927
C63: IMPREVISTOS | L63: 0.01 | O63: =+$O$57*L63 -> 272.06182
C64: UTILIDAD | L64: 0.05 | O64: =+$O$57*L64 -> 1360.3091
C65: SUBTOTAL $ | O65: =SUM(O62:O64) -> 9522.1636
C67: Precio Unitario Total Aproximado al peso $ | O67: =ROUND(O57+O65,0) -> 36728
H71: Firma
H72: Nombre:
H73: Representante Legal del Contratista o su Apoderado
H74: Matricula No. :
C76: OBSERVACIONES INTERVENTORÍA
C80: APROBACIÓN POR INTERVENTORÍA
C81: Nota 1: Cuando se trate de Análisis de precios unitarios correspondientes a ítems de la propuesta económica aprobada, el Interventor aprueba el desglose de los componentes manteniendo el mismo precio unitario de cada ítem, cumpliendo con las especificaciones de construcción vigentes para el proyecto.
C83: Nota 2: Cuando se trate de Análisis de precios unitarios de ítems no previstos, el Interventor aprueba el desglose y precio unitario de cada ítem no previsto, exigiendo la aplicación de los costos correspondientes a insumos y tarifas de la propuesta económica inicial cuando estén contemplados, cumpliendo con las especificaciones de construcción vigente para el proyecto.
H86: Firma
H87: Nombre:
H88: Representante Legal del Interventor o su Apoderado
H89: Matricula No. :

Sheet 2,2
B1: Formulario 1 - Propuesta económica - Documento tipo de selección abreviada de menor cuantía
B2: Versión: 1 del 21 de agosto de 2025
C5: [La entidad podrá utilizar este formato para la presentación de los análisis de precios unitarios el contratista en la oportunidad prevista en el numeral 8.2. del Documento Base]
D8: MUNICIPIO DE GUAPOTA
L9: VERSIÓN
L11: PÁGINA | M11: 1 | N11: DE | O11: 1
D13: ANALISIS DE PRECIOS UNITARIOS
L15: FECHA | M15: DD | N15: MM | O15: AA
C17: ITEMS DE LA PROPUESTA ECONÓMICA
C21: DATOS ESPECÍFICOS
C23: ITEM | D23: DESCRIPCIÓN | M23: UNIDAD | O23: CANTIDAD
C24: =+'PRESUPUESTO OFICIAL (Entidad)'!D21 -> 2.02 | D24: =+'PRESUPUESTO OFICIAL (Entidad)'!G21 -> Suministro y aplicación de pintura tipo esmalte para puertas metalicas. | M24: =+'PRESUPUESTO OFICIAL (Entidad)'!H21 -> M2 | O24: =+'PRESUPUESTO OFICIAL (Entidad)'!I21 -> 46.21
C25: I. EQUIPO
C28: DESCRIPCIÓN | H28: MARCA | J28: TIPO | L28: TARIFA/HORA | M28: RENDIMIENTO | O28: Vr. UNITARIO
C29: HERRAMIENTA MENOR | M29: 0.1 | O29: =+M29*O55 -> 1359.212
C30: SECCION DE ANDAMIOS (2 marcos y crucetas) | L30: 20000 | M30: 27 | O30: =+L30/M30 -> 740.74074
C32: SUBTOTAL $ | O32: =+SUM(O29:O30) -> 2099.9527
C33: II. MATERIALES
C36: DESCRIPCIÓN | K36: UNIDAD | L36: CANTIDAD | M36: PRECIO UNIT. | O36: Vr. UNITARIO
C37: ANTICORROSIVO PARA METAL | K37: Gal | L37: 0.012 | M37: 75900 | O37: =+M37*L37 -> 910.8
C38: ESMALTE BRILLANTE TIPO PINTULUX DE PINTUCO O SIMILAR | K38: Gal | L38: 0.012 | M38: 101000 | O38: =+M38*L38 -> 1212
C39: LIJA PLIEGO No.120 de 9"x11" (230x280mm) | K39: Und | L39: 0.6 | M39: 15900 | O39: =+M39*L39 -> 9540
C40: THINNER | K40: Gal | L40: 0.01 | M40: 36900 | O40: =+M40*L40 -> 369
C41: SUBTOTAL $ | O41: =SUM(O37:O40) -> 12031.8
C42: III. TRANSPORTES
C45: MATERIAL | J45: VOL. o PESO | K45: DISTANCIA | L45: M3 o Ton/Km | M45: TARIFA | O45: Vr. UNITARIO
C48: SUBTOTAL $
C49: IV. MANO DE OBRA
C52: TRABAJADOR | J52: JORNAL | K52: PRESTACIONES | L52: JORNAL TOTAL | M52: RENDIMIENTO | O52: Vr. UNITARIO
C53: Oficial Albañileria | J53: 104603 | K53: 83683 | L53: 188286 | M53: 25 | O53: =+L53/M53 -> 7531.44
C54: Ayudante Albañileria | J54: 84176 | K54: 67341 | L54: 151517 | M54: 25 | O54: =+L54/M54 -> 6060.68
C55: SUBTOTAL $ | O55: =SUM(O53:O54) -> 13592.12
C57: TOTAL COSTO DIRECTO $ | O57: =+O55+O41+O32 -> 27723.873
C58: V. COSTOS INDIRECTOS
C61: Descripción | L61: Porcentaje | M61: Valor Total
C62: ADMINISTRACION | L62: 0.29 | O62: =+$O$57*L62 -> 8039.9231
C63: IMPREVISTOS | L63: 0.01 | O63: =+$O$57*L63 -> 277.23873
C64: UTILIDAD | L64: 0.05 | O64: =+$O$57*L64 -> 1386.1936
C65: SUBTOTAL $ | O65: =SUM(O62:O64) -> 9703.3555
C67: Precio Unitario Total Aproximado al peso $ | O67: =ROUND(O57+O65,0) -> 37427
H71: Firma
H72: Nombre:
H73: Representante Legal del Contratista o su Apoderado
H74: Matricula No. :
C76: OBSERVACIONES INTERVENTORÍA
C80: APROBACIÓN POR INTERVENTORÍA
C81: Nota 1: Cuando se trate de Análisis de precios unitarios correspondientes a ítems de la propuesta económica aprobada, el Interventor aprueba el desglose de los componentes manteniendo el mismo precio unitario de cada ítem, cumpliendo con las especificaciones de construcción vigentes para el proyecto.
C83: Nota 2: Cuando se trate de Análisis de precios unitarios de ítems no previstos, el Interventor aprueba el desglose y precio unitario de cada ítem no previsto, exigiendo la aplicación de los costos correspondientes a insumos y tarifas de la propuesta económica inicial cuando estén contemplados, cumpliendo con las especificaciones de construcción vigente para el proyecto.
H86: Firma
H87: Nombre:
H88: Representante Legal del Interventor o su Apoderado
H89: Matricula No. :

Sheet 2,3
B1: Formulario 1 - Propuesta económica - Documento tipo de selección abreviada de menor cuantía
B2: Versión: 1 del 21 de agosto de 2025
C5: [La entidad podrá utilizar este formato para la presentación de los análisis de precios unitarios el contratista en la oportunidad prevista en el numeral 8.2. del Documento Base]
D8: MUNICIPIO DE GUAPOTA
L9: VERSIÓN
L11: PÁGINA | M11: 1 | N11: DE | O11: 1
D13: ANALISIS DE PRECIOS UNITARIOS
L15: FECHA | M15: DD | N15: MM | O15: AA
C17: ITEMS DE LA PROPUESTA ECONÓMICA
C21: DATOS ESPECÍFICOS
C23: ITEM | D23: DESCRIPCIÓN | M23: UNIDAD | O23: CANTIDAD
C24: =+'PRESUPUESTO OFICIAL (Entidad)'!D21 -> 2.02 | D24: =+'PRESUPUESTO OFICIAL (Entidad)'!G22 -> Suministro y aplicación de pintura tipo esmalte para ventaneria metalica. | M24: =+'PRESUPUESTO OFICIAL (Entidad)'!H21 -> M2 | O24: =+'PRESUPUESTO OFICIAL (Entidad)'!I21 -> 46.21
C25: I. EQUIPO
C28: DESCRIPCIÓN | H28: MARCA | J28: TIPO | L28: TARIFA/HORA | M28: RENDIMIENTO | O28: Vr. UNITARIO
C29: HERRAMIENTA MENOR | M29: 0.1 | O29: =+M29*O55 -> 1258.5296
C30: SECCION DE ANDAMIOS (2 marcos y crucetas) | L30: 20000 | M30: 27 | O30: =+L30/M30 -> 740.74074
C32: SUBTOTAL $ | O32: =+SUM(O29:O30) -> 1999.2704
C33: II. MATERIALES
C36: DESCRIPCIÓN | K36: UNIDAD | L36: CANTIDAD | M36: PRECIO UNIT. | O36: Vr. UNITARIO
C37: ANTICORROSIVO PARA METAL | K37: Gal | L37: 0.02 | M37: 75900 | O37: =+L37*M37 -> 1518
C38: ESMALTE BRILLANTE TIPO PINTULUX DE PINTUCO O SIMILAR | K38: Gal | L38: 0.02 | M38: 101000 | O38: =+L38*M38 -> 2020
C39: LIJA PLIEGO No.120 de 9"x11" (230x280mm) | K39: Und | L39: 0.8 | M39: 15900 | O39: =+L39*M39 -> 12720
C40: THINNER | K40: Gal | L40: 0.01 | M40: 36900 | O40: =+L40*M40 -> 369
C41: SUBTOTAL $ | O41: =SUM(O37:O40) -> 16627
C42: III. TRANSPORTES
C45: MATERIAL | J45: VOL. o PESO | K45: DISTANCIA | L45: M3 o Ton/Km | M45: TARIFA | O45: Vr. UNITARIO
C48: SUBTOTAL $
C49: IV. MANO DE OBRA
C52: TRABAJADOR | J52: JORNAL | K52: PRESTACIONES | L52: JORNAL TOTAL | M52: RENDIMIENTO | O52: Vr. UNITARIO
C53: Oficial Albañileria | J53: 104603 | K53: 83683 | L53: 188286 | M53: 27 | O53: =+L53/M53 -> 6973.5556
C54: Ayudante Albañileria | J54: 84176 | K54: 67341 | L54: 151517 | M54: 27 | O54: =+L54/M54 -> 5611.7407
C55: SUBTOTAL $ | O55: =SUM(O53:O54) -> 12585.296
C57: TOTAL COSTO DIRECTO $ | O57: =+O55+O41+O32 -> 31211.567
C58: V. COSTOS INDIRECTOS
C61: Descripción | L61: Porcentaje | M61: Valor Total
C62: ADMINISTRACION | L62: 0.29 | O62: =+$O$57*L62 -> 9051.3543
C63: IMPREVISTOS | L63: 0.01 | O63: =+$O$57*L63 -> 312.11567
C64: UTILIDAD | L64: 0.05 | O64: =+$O$57*L64 -> 1560.5783
C65: SUBTOTAL $ | O65: =SUM(O62:O64) -> 10924.048
C67: Precio Unitario Total Aproximado al peso $ | O67: =ROUND(O57+O65,0) -> 42136
H71: Firma
H72: Nombre:
H73: Representante Legal del Contratista o su Apoderado
H74: Matricula No. :
C76: OBSERVACIONES INTERVENTORÍA
C80: APROBACIÓN POR INTERVENTORÍA
C81: Nota 1: Cuando se trate de Análisis de precios unitarios correspondientes a ítems de la propuesta económica aprobada, el Interventor aprueba el desglose de los componentes manteniendo el mismo precio unitario de cada ítem, cumpliendo con las especificaciones de construcción vigentes para el proyecto.
C83: Nota 2: Cuando se trate de Análisis de precios unitarios de ítems no previstos, el Interventor aprueba el desglose y precio unitario de cada ítem no previsto, exigiendo la aplicación de los costos correspondientes a insumos y tarifas de la propuesta económica inicial cuando estén contemplados, cumpliendo con las especificaciones de construcción vigente para el proyecto.
H86: Firma
H87: Nombre:
H88: Representante Legal del Interventor o su Apoderado
H89: Matricula No. :

Sheet 3,01
B1: Formulario 1 - Propuesta económica - Documento tipo de selección abreviada de menor cuantía
B2: Versión: 1 del 21 de agosto de 2025
C5: [La entidad podrá utilizar este formato para la presentación de los análisis de precios unitarios el contratista en la oportunidad prevista en el numeral 8.2. del Documento Base]
D8: MUNICIPIO DE GUAPOTA
L9: VERSIÓN
L11: PÁGINA | M11: 1 | N11: DE | O11: 1
D13: ANALISIS DE PRECIOS UNITARIOS
L15: FECHA | M15: DD | N15: MM | O15: AA
C17: ITEMS DE LA PROPUESTA ECONÓMICA
C21: DATOS ESPECÍFICOS
C23: ITEM | D23: DESCRIPCIÓN | M23: UNIDAD | O23: CANTIDAD
C24: =+'PRESUPUESTO OFICIAL (Entidad)'!D25 -> 3.01 | D24: =+'PRESUPUESTO OFICIAL (Entidad)'!G25 -> Demolicion de concreto existente en rampas | M24: =+'PRESUPUESTO OFICIAL (Entidad)'!H25 -> M2 | O24: =+'PRESUPUESTO OFICIAL (Entidad)'!I25 -> 21.98
C25: I. EQUIPO
C28: DESCRIPCIÓN | H28: MARCA | J28: TIPO | L28: TARIFA/HORA | M28: RENDIMIENTO | O28: Vr. UNITARIO
C29: HERRAMIENTA MENOR | M29: 0.1 | O29: 2613.869
C30: PULIDORA SIN DISCO 7" | L30: 70000 | M30: 25 | O30: =+L30/M30 -> 2800
C31: DEMOLEDOR ELECTRICO PARA CONCRETOS 2000W | L31: 80000 | M31: 25 | O31: =+L31/M31 -> 3200
C32: SUBTOTAL $ | O32: =+SUM(O29:O31) -> 8613.869
C33: II. MATERIALES
C36: DESCRIPCIÓN | K36: UNIDAD | L36: CANTIDAD | M36: PRECIO UNIT. | O36: Vr. UNITARIO
C41: SUBTOTAL $ | O41: =SUM(O37:O40) -> 0
C42: III. TRANSPORTES
C45: MATERIAL | J45: VOL. o PESO | K45: DISTANCIA | L45: M3 o Ton/Km | M45: TARIFA | O45: Vr. UNITARIO
C48: SUBTOTAL $
C49: IV. MANO DE OBRA
C52: TRABAJADOR | J52: JORNAL | K52: PRESTACIONES | L52: JORNAL TOTAL | M52: RENDIMIENTO | O52: Vr. UNITARIO
C53: Oficial Albañileria | J53: 104603 | K53: 83683 | L53: 188286 | M53: 13 | O53: =+L53/M53 -> 14483.538
C54: Ayudante Albañileria | J54: 84176 | K54: 67341 | L54: 151517 | M54: 13 | O54: =+L54/M54 -> 11655.154
C55: SUBTOTAL $ | O55: =SUM(O53:O54) -> 26138.692
C57: TOTAL COSTO DIRECTO $ | O57: =+O55+O41+O32 -> 34752.561
C58: V. COSTOS INDIRECTOS
C61: Descripción | L61: Porcentaje | M61: Valor Total
C62: ADMINISTRACION | L62: 0.29 | O62: =+$O$57*L62 -> 10078.243
C63: IMPREVISTOS | L63: 0.01 | O63: =+$O$57*L63 -> 347.52561
C64: UTILIDAD | L64: 0.05 | O64: =+$O$57*L64 -> 1737.6281
C65: SUBTOTAL $ | O65: =SUM(O62:O64) -> 12163.396
C67: Precio Unitario Total Aproximado al peso $ | O67: =ROUND(O57+O65,0) -> 46916
H71: Firma
H72: Nombre:
H73: Representante Legal del Contratista o su Apoderado
H74: Matricula No. :
C76: OBSERVACIONES INTERVENTORÍA
C80: APROBACIÓN POR INTERVENTORÍA
C81: Nota 1: Cuando se trate de Análisis de precios unitarios correspondientes a ítems de la propuesta económica aprobada, el Interventor aprueba el desglose de los componentes manteniendo el mismo precio unitario de cada ítem, cumpliendo con las especificaciones de construcción vigentes para el proyecto.
C83: Nota 2: Cuando se trate de Análisis de precios unitarios de ítems no previstos, el Interventor aprueba el desglose y precio unitario de cada ítem no previsto, exigiendo la aplicación de los costos correspondientes a insumos y tarifas de la propuesta económica inicial cuando estén contemplados, cumpliendo con las especificaciones de construcción vigente para el proyecto.
H86: Firma
H87: Nombre:
H88: Representante Legal del Interventor o su Apoderado
H89: Matricula No. :

Sheet 3,2
B1: Formulario 1 - Propuesta económica - Documento tipo de selección abreviada de menor cuantía
B2: Versión: 1 del 21 de agosto de 2025
C5: [La entidad podrá utilizar este formato para la presentación de los análisis de precios unitarios el contratista en la oportunidad prevista en el numeral 8.2. del Documento Base]
D8: MUNICIPIO DE GUAPOTA
L9: VERSIÓN
L11: PÁGINA | M11: 1 | N11: DE | O11: 1
D13: ANALISIS DE PRECIOS UNITARIOS
L15: FECHA | M15: DD | N15: MM | O15: AA
C17: ITEMS DE LA PROPUESTA ECONÓMICA
C21: DATOS ESPECÍFICOS
C23: ITEM | D23: DESCRIPCIÓN | M23: UNIDAD | O23: CANTIDAD
C24: =+'PRESUPUESTO OFICIAL (Entidad)'!D26 -> 3.02 | D24: =+'PRESUPUESTO OFICIAL (Entidad)'!G26 -> Construccion de muro de contencion de rampas e = 0.15m | M24: =+'PRESUPUESTO OFICIAL (Entidad)'!H26 -> M3 | O24: =+'PRESUPUESTO OFICIAL (Entidad)'!I26 -> 1.2
C25: I. EQUIPO
C28: DESCRIPCIÓN | H28: MARCA | J28: TIPO | L28: TARIFA/HORA | M28: RENDIMIENTO | O28: Vr. UNITARIO
C29: HERRAMIENTA MENOR | M29: 0.1 | O29: =+M29*O57 -> 21427.9
C30: MEZCLADORA DE CONCRETO | L30: 100000 | M30: 5 | O30: =+L30/M30 -> 20000
C31: VIBRADOR DE CONCRETO | L31: 68000 | M31: 5 | O31: =+L31/M31 -> 13600
C32: FORMALETA MUROS | L32: 9500 | M32: 0.4 | O32: =+L32/M32 -> 23750
C34: SUBTOTAL $ | O34: =+SUM(O29:O32) -> 78777.9
C35: II. MATERIALES
C38: DESCRIPCIÓN | K38: UNIDAD | L38: CANTIDAD | M38: PRECIO UNIT. | O38: Vr. UNITARIO
C39: ARENA GRUESA | K39: m3 | L39: 0.56 | M39: 112475 | O39: =+L39*M39 -> 62986
C40: TRITURADO DE 3/4" | K40: m3 | L40: 0.84 | M40: 124738 | O40: =+L40*M40 -> 104779.92 | S40: =32500/50 -> 650
C41: CEMENTO GRIS | K41: Und | L41: 350 | M41: 650 | O41: =+L41*M41 -> 227500
C43: SUBTOTAL $ | O43: =SUM(O39:O42) -> 395265.92
C44: III. TRANSPORTES
C47: MATERIAL | J47: VOL. o PESO | K47: DISTANCIA | L47: M3 o Ton/Km | M47: TARIFA | O47: Vr. UNITARIO
C50: SUBTOTAL $
C51: IV. MANO DE OBRA
C54: TRABAJADOR | J54: JORNAL | K54: PRESTACIONES | L54: JORNAL TOTAL | M54: RENDIMIENTO | O54: Vr. UNITARIO
C55: Oficial Albañileria | I55: 1 | J55: 104603 | K55: 83683 | L55: =+J55+K55 -> 188286 | M55: 3 | O55: =+L55*I55/M55 -> 62762
C56: Ayudante Albañileria | I56: 3 | J56: 84176 | K56: 67341 | L56: =+J56+K56 -> 151517 | M56: 3 | O56: =+L56*I56/M56 -> 151517
C57: SUBTOTAL $ | O57: =SUM(O55:O56) -> 214279
C59: TOTAL COSTO DIRECTO $ | O59: =+O57+O43+O34 -> 688322.82
C60: V. COSTOS INDIRECTOS
C63: Descripción | L63: Porcentaje | M63: Valor Total
C64: ADMINISTRACION | L64: 0.29 | O64: =+$O$59*L64 -> 199613.62
C65: IMPREVISTOS | L65: 0.01 | O65: =+$O$59*L65 -> 6883.2282
C66: UTILIDAD | L66: 0.05 | O66: =+$O$59*L66 -> 34416.141
C67: SUBTOTAL $ | O67: =SUM(O64:O66) -> 240912.99
C69: Precio Unitario Total Aproximado al peso $ | O69: =ROUND(O59+O67,0) -> 929236
H73: Firma
H74: Nombre:
H75: Representante Legal del Contratista o su Apoderado
H76: Matricula No. :
C78: OBSERVACIONES INTERVENTORÍA
C82: APROBACIÓN POR INTERVENTORÍA
C83: Nota 1: Cuando se trate de Análisis de precios unitarios correspondientes a ítems de la propuesta económica aprobada, el Interventor aprueba el desglose de los componentes manteniendo el mismo precio unitario de cada ítem, cumpliendo con las especificaciones de construcción vigentes para el proyecto.
C85: Nota 2: Cuando se trate de Análisis de precios unitarios de ítems no previstos, el Interventor aprueba el desglose y precio unitario de cada ítem no previsto, exigiendo la aplicación de los costos correspondientes a insumos y tarifas de la propuesta económica inicial cuando estén contemplados, cumpliendo con las especificaciones de construcción vigente para el proyecto.
H88: Firma
H89: Nombre:
H90: Representante Legal del Interventor o su Apoderado
H91: Matricula No. :

Sheet 3,3
B1: Formulario 1 - Propuesta económica - Documento tipo de selección abreviada de menor cuantía
B2: Versión: 1 del 21 de agosto de 2025
C5: [La entidad podrá utilizar este formato para la presentación de los análisis de precios unitarios el contratista en la oportunidad prevista en el numeral 8.2. del Documento Base]
D8: MUNICIPIO DE GUAPOTA
L9: VERSIÓN
L11: PÁGINA | M11: 1 | N11: DE | O11: 1
D13: ANALISIS DE PRECIOS UNITARIOS
L15: FECHA | M15: DD | N15: MM | O15: AA
C17: ITEMS DE LA PROPUESTA ECONÓMICA
C21: DATOS ESPECÍFICOS
C23: ITEM | D23: DESCRIPCIÓN | M23: UNIDAD | O23: CANTIDAD
C24: =+'PRESUPUESTO OFICIAL (Entidad)'!D27 -> 3.03 | D24: =+'PRESUPUESTO OFICIAL (Entidad)'!G27 -> Suministro e instalación concreto f'c= 3000psi para piso de rampa | M24: =+'PRESUPUESTO OFICIAL (Entidad)'!H27 -> M2 | O24: =+'PRESUPUESTO OFICIAL (Entidad)'!I27 -> 32.14
C25: I. EQUIPO
C28: DESCRIPCIÓN | H28: MARCA | J28: TIPO | L28: TARIFA/HORA | M28: RENDIMIENTO | O28: Vr. UNITARIO
C29: HERRAMIENTA MENOR | M29: 0.1 | O29: =+M29*O57 -> 3214.185
C30: MEZCLADORA DE CONCRETO | L30: 100000 | M30: 50 | O30: =+L30/M30 -> 2000
C31: VIBRADOR DE CONCRETO | L31: 68000 | M31: 50 | O31: =+L31/M31 -> 1360
C32: FORMALETA PARA LOSA | L32: 9500 | M32: 0.4 | O32: =+L32/M32 -> 23750
C34: SUBTOTAL $ | O34: =+SUM(O29:O32) -> 30324.185
C35: II. MATERIALES
C38: DESCRIPCIÓN | K38: UNIDAD | L38: CANTIDAD | M38: PRECIO UNIT. | O38: Vr. UNITARIO
C39: ARENA GRUESA | K39: m3 | L39: 0.07 | M39: 112475 | O39: =+L39*M39 -> 7873.25
C40: TRITURADO DE 3/4" | K40: m3 | L40: 0.105 | M40: 124738 | O40: =+L40*M40 -> 13097.49
C41: CEMENTO GRIS | K41: Und | L41: 43.75 | M41: 650 | O41: =+L41*M41 -> 28437.5
C43: SUBTOTAL $ | O43: =SUM(O39:O42) -> 49408.24
C44: III. TRANSPORTES
C47: MATERIAL | J47: VOL. o PESO | K47: DISTANCIA | L47: M3 o Ton/Km | M47: TARIFA | O47: Vr. UNITARIO
C50: SUBTOTAL $
C51: IV. MANO DE OBRA
C54: TRABAJADOR | J54: JORNAL | K54: PRESTACIONES | L54: JORNAL TOTAL | M54: RENDIMIENTO | O54: Vr. UNITARIO
C55: Oficial Albañileria | I55: 1 | J55: 104603 | K55: 83683 | L55: 188286 | M55: 20 | O55: =+L55*I55/M55 -> 9414.3
C56: Ayudante Albañileria | I56: 3 | J56: 84176 | K56: 67341 | L56: 151517 | M56: 20 | O56: =+L56*I56/M56 -> 22727.55
C57: SUBTOTAL $ | O57: =SUM(O55:O56) -> 32141.85
C59: TOTAL COSTO DIRECTO $ | O59: =+O57+O43+O34 -> 111874.27
C60: V. COSTOS INDIRECTOS
C63: Descripción | L63: Porcentaje | M63: Valor Total
C64: ADMINISTRACION | L64: 0.29 | O64: =+$O$59*L64 -> 32443.54
C65: IMPREVISTOS | L65: 0.01 | O65: =+$O$59*L65 -> 1118.7427
C66: UTILIDAD | L66: 0.05 | O66: =+$O$59*L66 -> 5593.7137
C67: SUBTOTAL $ | O67: =SUM(O64:O66) -> 39155.996
C69: Precio Unitario Total Aproximado al peso $ | O69: =ROUND(O59+O67,0) -> 151030
H73: Firma
H74: Nombre:
H75: Representante Legal del Contratista o su Apoderado
H76: Matricula No. :
C78: OBSERVACIONES INTERVENTORÍA
C82: APROBACIÓN POR INTERVENTORÍA
C83: Nota 1: Cuando se trate de Análisis de precios unitarios correspondientes a ítems de la propuesta económica aprobada, el Interventor aprueba el desglose de los componentes manteniendo el mismo precio unitario de cada ítem, cumpliendo con las especificaciones de construcción vigentes para el proyecto.
C85: Nota 2: Cuando se trate de Análisis de precios unitarios de ítems no previstos, el Interventor aprueba el desglose y precio unitario de cada ítem no previsto, exigiendo la aplicación de los costos correspondientes a insumos y tarifas de la propuesta económica inicial cuando estén contemplados, cumpliendo con las especificaciones de construcción vigente para el proyecto.
H88: Firma
H89: Nombre:
H90: Representante Legal del Interventor o su Apoderado
H91: Matricula No. :

Sheet 3,dsf
B1: Formulario 1 - Propuesta económica - Documento tipo de selección abreviada de menor cuantía
B2: Versión: 1 del 21 de agosto de 2025
C5: [La entidad podrá utilizar este formato para la presentación de los análisis de precios unitarios el contratista en la oportunidad prevista en el numeral 8.2. del Documento Base]
D8: MUNICIPIO DE GUAPOTA
L9: VERSIÓN
L11: PÁGINA | M11: 1 | N11: DE | O11: 1
D13: ANALISIS DE PRECIOS UNITARIOS
L15: FECHA | M15: DD | N15: MM | O15: AA
C17: ITEMS DE LA PROPUESTA ECONÓMICA | I17: ITEMS NO PREVISTOS
C21: DATOS ESPECÍFICOS
C23: ITEM | D23: DESCRIPCIÓN | M23: UNIDAD | O23: CANTIDAD
C24: =+'PRESUPUESTO OFICIAL (Entidad)'!D27 -> 3.03 | D24: =+'PRESUPUESTO OFICIAL (Entidad)'!G27 -> Suministro e instalación concreto f'c= 3000psi para piso de rampa | M24: =+'PRESUPUESTO OFICIAL (Entidad)'!H27 -> M2 | O24: =+'PRESUPUESTO OFICIAL (Entidad)'!I27 -> 32.14
C25: I. EQUIPO
C28: DESCRIPCIÓN | H28: MARCA | J28: TIPO | L28: TARIFA/HORA | M28: RENDIMIENTO | O28: Vr. UNITARIO
C29: HERRAMIENTA MENOR | M29: 0.1 | O29: 3214.185
C30: MEZCLADORA DE CONCRETO | M30: 50 | O30: 2400
C31: VIBRADOR DE CONCRETO | M31: 50 | O31: 1360
C32: FORMALETA PARA LOSA | M32: 0.4 | O32: 11250
C34: SUBTOTAL $ | O34: =+SUM(O29:O32) -> 18224.185
C35: II. MATERIALES
C38: DESCRIPCIÓN | K38: UNIDAD | L38: CANTIDAD | M38: PRECIO UNIT. | O38: Vr. UNITARIO
C39: ARENA GRUESA | K39: m3 | L39: 0.07 | M39: 112475 | O39: 8266.9125
C40: TRITURADO DE 3/4" | K40: m3 | L40: 0.105 | M40: 124738 | O40: 13752.309
C41: CEMENTO GRIS | K41: Und | L41: 43.75 | M41: 637 | O41: 29247.028
C42: AGUA | K42: lt | L42: 22.5 | M42: 2 | O42: 44.17875
C43: SUBTOTAL $ | O43: =SUM(O39:O42) -> 51310.429
C44: III. TRANSPORTES
C47: MATERIAL | J47: VOL. o PESO | K47: DISTANCIA | L47: M3 o Ton/Km | M47: TARIFA | O47: Vr. UNITARIO
C50: SUBTOTAL $
C51: IV. MANO DE OBRA
C54: TRABAJADOR | J54: JORNAL | K54: PRESTACIONES | L54: JORNAL TOTAL | M54: RENDIMIENTO | O54: Vr. UNITARIO
C55: Oficial Albañileria | J55: 104603 | K55: 83683 | L55: 188286 | M55: 20 | O55: 9414.3
C56: Ayudante Albañileria | J56: 84176 | K56: 67341 | L56: 151517 | M56: 20 | O56: 22727.55
C57: SUBTOTAL $ | O57: =SUM(O55:O56) -> 32141.85
C59: TOTAL COSTO DIRECTO $ | O59: =+O57+O43+O34 -> 101676.46
C60: V. COSTOS INDIRECTOS
C63: Descripción | L63: Porcentaje | M63: Valor Total
C64: ADMINISTRACION | L64: 0.29 | O64: =+$O$59*L64 -> 29486.174
C65: IMPREVISTOS | L65: 0.01 | O65: =+$O$59*L65 -> 1016.7646
C66: UTILIDAD | L66: 0.05 | O66: =+$O$59*L66 -> 5083.8232
C67: SUBTOTAL $ | O67: =SUM(O64:O66) -> 35586.762
C69: Precio Unitario Total Aproximado al peso $ | O69: =ROUND(O59+O67,0) -> 137263
H73: Firma
H74: Nombre:
H75: Representante Legal del Contratista o su Apoderado
H76: Matricula No. :
C78: OBSERVACIONES INTERVENTORÍA
C82: APROBACIÓN POR INTERVENTORÍA
C83: Nota 1: Cuando se trate de Análisis de precios unitarios correspondientes a ítems de la propuesta económica aprobada, el Interventor aprueba el desglose de los componentes manteniendo el mismo precio unitario de cada ítem, cumpliendo con las especificaciones de construcción vigentes para el proyecto.
C85: Nota 2: Cuando se trate de Análisis de precios unitarios de ítems no previstos, el Interventor aprueba el desglose y precio unitario de cada ítem no previsto, exigiendo la aplicación de los costos correspondientes a insumos y tarifas de la propuesta económica inicial cuando estén contemplados, cumpliendo con las especificaciones de construcción vigente para el proyecto.
H88: Firma
H89: Nombre:
H90: Representante Legal del Interventor o su Apoderado
H91: Matricula No. :

Sheet 3,4
B1: Formulario 1 - Propuesta económica - Documento tipo de selección abreviada de menor cuantía
B2: Versión: 1 del 21 de agosto de 2025
C5: [La entidad podrá utilizar este formato para la presentación de los análisis de precios unitarios el contratista en la oportunidad prevista en el numeral 8.2. del Documento Base]
D8: MUNICIPIO DE GUAPOTA
L9: VERSIÓN
L11: PÁGINA | M11: 1 | N11: DE | O11: 1
D13: ANALISIS DE PRECIOS UNITARIOS
L15: FECHA | M15: DD | N15: MM | O15: AA
C17: ITEMS DE LA PROPUESTA ECONÓMICA
C21: DATOS ESPECÍFICOS
C23: ITEM | D23: DESCRIPCIÓN | M23: UNIDAD | O23: CANTIDAD
C24: =+'PRESUPUESTO OFICIAL (Entidad)'!D28 -> 3.04 | D24: =+'PRESUPUESTO OFICIAL (Entidad)'!G28 -> Acero de refuerzo f'y=60.000psi | M24: =+'PRESUPUESTO OFICIAL (Entidad)'!H28 -> kg | O24: =+'PRESUPUESTO OFICIAL (Entidad)'!I28 -> 235.07
C25: I. EQUIPO
C28: DESCRIPCIÓN | H28: MARCA | J28: TIPO | L28: TARIFA/HORA | M28: RENDIMIENTO | O28: Vr. UNITARIO
C29: HERRAMIENTA MENOR | M29: 0.1 | O29: =+M29*O57 -> 226.53533
C34: SUBTOTAL $ | O34: =+SUM(O29:O32) -> 226.53533
C35: II. MATERIALES
C38: DESCRIPCIÓN | K38: UNIDAD | L38: CANTIDAD | M38: PRECIO UNIT. | O38: Vr. UNITARIO
C39: ALAMBRE DE AMARRE No18 | K39: KG | L39: 0.03 | M39: 6800 | O39: =+M39*L39 -> 204
C40: ACERO DE REFUERZO PDR 60 | K40: KG | L40: 1 | M40: 6000 | O40: =+M40*L40 -> 6000
C43: SUBTOTAL $ | O43: =SUM(O39:O42) -> 6204
C44: III. TRANSPORTES
C47: MATERIAL | J47: VOL. o PESO | K47: DISTANCIA | L47: M3 o Ton/Km | M47: TARIFA | O47: Vr. UNITARIO
C50: SUBTOTAL $
C51: IV. MANO DE OBRA
C54: TRABAJADOR | J54: JORNAL | K54: PRESTACIONES | L54: JORNAL TOTAL | M54: RENDIMIENTO | O54: Vr. UNITARIO
C55: Oficial Albañileria | J55: 104603 | K55: 83683 | L55: 188286 | M55: 150 | O55: 1255.24
C56: Ayudante Albañileria | J56: 84176 | K56: 67341 | L56: 151517 | M56: 150 | O56: 1010.1133
C57: SUBTOTAL $ | O57: =SUM(O55:O56) -> 2265.3533
C59: TOTAL COSTO DIRECTO $ | O59: =+O57+O43+O34 -> 8695.8887
C60: V. COSTOS INDIRECTOS
C63: Descripción | L63: Porcentaje | M63: Valor Total
C64: ADMINISTRACION | L64: 0.29 | O64: =+$O$59*L64 -> 2521.8077
C65: IMPREVISTOS | L65: 0.01 | O65: =+$O$59*L65 -> 86.958887
C66: UTILIDAD | L66: 0.05 | O66: =+$O$59*L66 -> 434.79443
C67: SUBTOTAL $ | O67: =SUM(O64:O66) -> 3043.561
C69: Precio Unitario Total Aproximado al peso $ | O69: =ROUND(O59+O67,0) -> 11739 | S69: =+'PRESUPUESTO OFICIAL (Entidad)'!K33 -> 75700649 | U69: 75700649
H73: Firma
H74: Nombre:
H75: Representante Legal del Contratista o su Apoderado
H76: Matricula No. :
C78: OBSERVACIONES INTERVENTORÍA
C82: APROBACIÓN POR INTERVENTORÍA
C83: Nota 1: Cuando se trate de Análisis de precios unitarios correspondientes a ítems de la propuesta económica aprobada, el Interventor aprueba el desglose de los componentes manteniendo el mismo precio unitario de cada ítem, cumpliendo con las especificaciones de construcción vigentes para el proyecto.
C85: Nota 2: Cuando se trate de Análisis de precios unitarios de ítems no previstos, el Interventor aprueba el desglose y precio unitario de cada ítem no previsto, exigiendo la aplicación de los costos correspondientes a insumos y tarifas de la propuesta económica inicial cuando estén contemplados, cumpliendo con las especificaciones de construcción vigente para el proyecto.
H88: Firma
H89: Nombre:
H90: Representante Legal del Interventor o su Apoderado
H91: Matricula No. :

Sheet 3,5
B1: Formulario 1 - Propuesta económica - Documento tipo de selección abreviada de menor cuantía
B2: Versión: 1 del 21 de agosto de 2025
C5: [La entidad podrá utilizar este formato para la presentación de los análisis de precios unitarios el contratista en la oportunidad prevista en el numeral 8.2. del Documento Base]
D8: MUNICIPIO DE GUAPOTA
L9: VERSIÓN
L11: PÁGINA | M11: 1 | N11: DE | O11: 1
D13: ANALISIS DE PRECIOS UNITARIOS
L15: FECHA | M15: DD | N15: MM | O15: AA
C17: ITEMS DE LA PROPUESTA ECONÓMICA
C21: DATOS ESPECÍFICOS
C23: ITEM | D23: DESCRIPCIÓN | M23: UNIDAD | O23: CANTIDAD
C24: =+'PRESUPUESTO OFICIAL (Entidad)'!D29 -> 3.05 | D24: =+'PRESUPUESTO OFICIAL (Entidad)'!G29 -> Baranda en tubo 2" | M24: =+'PRESUPUESTO OFICIAL (Entidad)'!H29 -> ML | O24: =+'PRESUPUESTO OFICIAL (Entidad)'!I29 -> 14.46
C25: I. EQUIPO
C28: DESCRIPCIÓN | H28: MARCA | J28: TIPO | L28: TARIFA/HORA | M28: RENDIMIENTO | O28: Vr. UNITARIO
C29: HERRAMIENTA MENOR | M29: 0.1 | O29: =+M29*O60 -> 3398.03
C30: EQUIPO DE SOLDADIRA | L30: 60000 | M30: 10 | O30: =+L30/M30 -> 6000
C31: COMPRESOR DE AIRE | L31: 50000 | M31: 10 | O31: =+L31/M31 -> 5000
C32: PULIDORA SIN DISCO 7" | L32: 70000 | M32: 10 | O32: =+L32/M32 -> 7000
C34: SUBTOTAL $ | O34: =+SUM(O29:O32) -> 21398.03
C35: II. MATERIALES
C38: DESCRIPCIÓN | K38: UNIDAD | L38: CANTIDAD | M38: PRECIO UNIT. | O38: Vr. UNITARIO
K39: Gal | L39: 0.1 | M39: 75900 | O39: =+M39*L39 -> 7590
C40: ANTICORROSIVO PARA METAL | K40: Gal | L40: 0.05 | M40: 101000 | O40: =+M40*L40 -> 5050
C41: ESMALTE BRILLANTE TIPO PINTULUX DE PINTUCO O SIMILAR | K41: Und | L41: 0.1 | M41: 15900 | O41: =+M41*L41 -> 1590
C42: LIJAPLIEGO No120 de 9"x11"(230X280 mm) | K42: Gal | L42: 0.02 | M42: 36900 | O42: =+M42*L42 -> 738
C43: THINNER | K43: ml | L43: 4 | M43: 25933 | O43: =+M43*L43 -> 103732
C44: TUBO CERRAMIENTA GALVANIZADO 2" e=2,5mm | K44: kg | L44: 0.5 | M44: 23000 | O44: =+M44*L44 -> 11500
C45: SOLDADURA ELECTROSOLDADDA 6013 DE 1/8"
C46: SUBTOTAL $ | O46: =SUM(O39:O45) -> 130200
C47: III. TRANSPORTES
C50: MATERIAL | J50: VOL. o PESO | K50: DISTANCIA | L50: M3 o Ton/Km | M50: TARIFA | O50: Vr. UNITARIO
C53: SUBTOTAL $
C54: IV. MANO DE OBRA
C57: TRABAJADOR | J57: JORNAL | K57: PRESTACIONES | L57: JORNAL TOTAL | M57: RENDIMIENTO | O57: Vr. UNITARIO
C58: Oficial Albañileria | J58: 104603 | K58: 83683 | L58: 188286 | M58: 10 | O58: =+L58/M58 -> 18828.6
C59: Ayudante Albañileria | J59: 84176 | K59: 67341 | L59: 151517 | M59: 10 | O59: =+L59/M59 -> 15151.7
C60: SUBTOTAL $ | O60: =SUM(O58:O59) -> 33980.3
C62: TOTAL COSTO DIRECTO $ | O62: =+O60+O46+O34 -> 185578.33
C63: V. COSTOS INDIRECTOS
C66: Descripción | L66: Porcentaje | M66: Valor Total
C67: ADMINISTRACION | L67: 0.29 | O67: =+$O$62*L67 -> 53817.716
C68: IMPREVISTOS | L68: 0.01 | O68: =+$O$62*L68 -> 1855.7833
C69: UTILIDAD | L69: 0.05 | O69: =+$O$62*L69 -> 9278.9165
C70: SUBTOTAL $ | O70: =SUM(O67:O69) -> 64952.415
C72: Precio Unitario Total Aproximado al peso $ | O72: =ROUND(O62+O70,0) -> 250531
H76: Firma
H77: Nombre:
H78: Representante Legal del Contratista o su Apoderado
H79: Matricula No. :
C81: OBSERVACIONES INTERVENTORÍA
C85: APROBACIÓN POR INTERVENTORÍA
C86: Nota 1: Cuando se trate de Análisis de precios unitarios correspondientes a ítems de la propuesta económica aprobada, el Interventor aprueba el desglose de los componentes manteniendo el mismo precio unitario de cada ítem, cumpliendo con las especificaciones de construcción vigentes para el proyecto.
C88: Nota 2: Cuando se trate de Análisis de precios unitarios de ítems no previstos, el Interventor aprueba el desglose y precio unitario de cada ítem no previsto, exigiendo la aplicación de los costos correspondientes a insumos y tarifas de la propuesta económica inicial cuando estén contemplados, cumpliendo con las especificaciones de construcción vigente para el proyecto.
H91: Firma
H92: Nombre:
H93: Representante Legal del Interventor o su Apoderado
H94: Matricula No. :
